Map: [ESL] Alcyone

Players

Coffee - Winner!

  • Race: Terran Terran
  • Spawn Location: 1:00

Nanami

  • Race: Protoss Protoss
  • Spawn Location: 7:00

Event: ESL SC2 Masters 2023 Winter (Regional)

VOD

Have the link to the VOD?

Description

Time

  • Played on: Nov. 2, 2023, 7:42 a.m.
  • Length: 5:19

All games in this series

Show
View Real Time Build Order
Export as new Build Order

Coffee Terran - Winner!

Build Orders: Cyclone Opening 

Get SALT Encoding   

  12  0:00  SCV  
  13  0:12  SCV  
  14  0:17  Supply Depot  
  14  0:24  SCV  
  14  0:28  Refinery  
  15  0:39  SCV  
  16  0:44  Barracks  
  16  0:51  SCV  
  17  1:03  SCV  
  18  1:08  Engineering Bay  
  18  1:15  SCV  
  19  1:31  Marine  
  19  1:32  Orbital Command  
  20  1:38  Factory  
  20  1:49  Supply Depot  
  20  1:50  Barracks Reactor  
  20  1:58  SCV  
  21  2:14  SCV  
  22  2:16  Command Center  
  22  2:31  Cyclone x2  
  22  2:36  Supply Depot  
  26  2:39  SCV  
  27  2:45  Refinery  
  27  2:51  SCV  
  28  3:03  Cyclone x2  
  32  3:10  SCV  
  33  3:13  Barracks Tech Lab  
  33  3:15  Barracks  
  33  3:22  SCV  
  34  3:29  Orbital Command  
  34  3:40  Cyclone x2  
  38  3:49  SCV  
  38  3:50  Engineering Bay  
  39  4:02  Orbital Command, Marine  
  36  4:10  Barracks  
  35  4:19  Missile Turret  
  35  4:26  Marine x2  
  35  4:27  Factory Tech Lab, Marine  
  35  4:31  SCV  
  37  4:32  SCV  
  38  4:43  SCV  
  38  4:44  SCV  
  38  4:53  Marine x3  
  38  4:55  SCV  
  38  4:56  SCV  
  38  4:57  Missile Turret  
Show
View Real Time Build Order
Export as new Build Order

Nanami Protoss 

Build Orders: Dark Templar Rush 

Get SALT Encoding   

  12  0:00  Probe  
  13  0:12  Probe  
  14  0:18  Pylon  
  14  0:24  Probe (Chrono Boost)  
  15  0:36  Gateway  
  15  0:37  Probe (Chrono Boost)  
  16  0:44  Probe (Chrono Boost)  
  16  0:45  Assimilator  
  17  0:51  Probe  
  18  1:03  Probe  
  19  1:15  Probe  
  20  1:23  Cybernetics Core  
  20  1:32  Probe  
  21  1:44  Probe  
  21  1:45  Pylon  
  22  1:47  Nexus  
  22  1:54  Assimilator  
  22  2:00  Adept (Chrono Boost)  
  22  2:02  Shield Battery  
  22  2:04  Probe  
  22  2:07  Warp Gate  
  25  2:16  Probe  
  25  2:20  Stalker (Chrono Boost)  
  26  2:28  Probe  
  29  2:35  Twilight Council  
  29  2:40  Probe  
  30  2:53  Probe  
  31  2:58  Stalker (Chrono Boost)  
  31  2:59  Probe  
  31  3:00  Shield Battery  
  31  3:05  Probe  
  35  3:14  Dark Shrine, Pylon  
  35  3:17  Probe  
  36  3:21  Probe  
  37  3:29  Probe  
  37  3:33  Probe  
  39  3:37  Gateway  
  38  3:41  Probe  
  38  3:45  Probe  
  36  3:54  Probe  
  36  3:55  Stalker  
  36  4:03  Probe  
  37  4:12  Shield Battery  
  37  4:16  Probe  
  32  4:18  Stalker  
  32  4:20  Probe  
  25  4:31  Stalker  
  25  4:32  Probe  
  25  4:38  Probe  
  26  4:42  Dark Templar  
  26  4:44  Probe  
  29  4:50  Probe  
  29  4:54  Stalker  
  29  4:56  Probe  
  32  5:02  Probe  
Tags
 
Add a new tag
Caveats
  • Supply blocks, unpowered buildings, or Contaminate may cause inaccurate times.
  • Supply counts are checked every 10 seconds.